 Dungeon Crawl Stone Soup version 0.31-a0-1549-g5ff9445e89 (webtiles) character file.

Game seed: 5809603456731798096

50 grandjackal the Magician (level 3, -3/19 HPs)
             Began as a Deep Elf Earth Elementalist on Jan 3, 2024.
             Succumbed to an orc's poison
             ... on level 3 of the Dungeon.
             The game lasted 00:02:25 (1539 turns).

grandjackal the Magician (DEEE)                     Turns: 1539, Time: 00:02:25

Health: -3/19      AC:  3    Str:  5    XL:     3   Next: 55%
Magic:  2/10       EV: 12    Int: 21    God:
Gold:   145        SH:  0    Dex: 15    Spells: 3/10 levels left

rFire   . . .        (no weapon)
rCold   . . .        (no shield)
rNeg    . . .        a - +0 robe
rPois   .            (no helmet)
rElec   .            (no cloak)
rCorr   .            e - +0 pair of gloves
SInv    .            (no boots)
Will    .....        (no amulet)
Stlth   ++           g - ring of wizardry
HPRegen 0.23/turn    (no ring)
MPRegen 0.12/turn

%: wizardry (x1)
@: lethally poisoned (-3 -> -20)
A: no striking features
a: no special abilities


You were on level 3 of the Dungeon.
You visited 1 branch of the dungeon, and saw 3 of its levels.

You collected 145 gold pieces.

Inventory:

Armour
 a - a +0 robe (worn)
 e - a +0 pair of gloves (worn)
Jewellery
 g - a ring of wizardry (left hand)
Scrolls
 c - a scroll of fog
 d - a scroll of teleportation {unknown}
 f - a scroll of torment {unknown}
 k - a scroll of brand weapon {unknown}
Potions
 b - a potion of magic
 h - a potion of degeneration {unknown}
 i - 2 potions of lignification
 l - a potion of curing {unknown}
 m - a potion of might {unknown}
 n - 3 potions of haste
 o - a potion of brilliance {unknown}


   Skills:
 - Level 2.4 Dodging
 - Level 2.4 Stealth
 + Level 4.0 Spellcasting
 + Level 2.3 Conjurations
 + Level 3.9 Earth Magic


You had 3 spell levels left.
You knew the following spells:

 Your Spells              Type           Power      Damage    Failure   Level
a - Sandblast             Erth           42%        2d11      1%          1
b - Passwall              Erth           21%        N/A       2%          3
c - Stone Arrow           Conj/Erth      34%        3d9       4%          3

Your spell library contained the following spells:

 Spells                   Type           Power      Damage    Failure   Level
 Summon Small Mammal      Summ           16%        N/A       4%          1
 Ensorcelled Hibernation  Hex/Ice        8%         N/A       8%          2
 Mercury Vapours          Alch/Air       8%         N/A       8%          2
 Mephitic Cloud           Conj/Alch/Air  7%         N/A       11%         3
 Call Canine Familiar     Summ           4%         N/A       14%         3
 Swiftness                Air            4%         N/A       14%         3
 Brom's Barrelling Bould  Conj/Erth      17%        2d4       13%         4
 Petrify                  Alch/Erth      12%        N/A       21%         4
 Summon Blazeheart Golem  Fire/Summ      4%         N/A       41%         4
 Freezing Cloud           Conj/Ice/Air   3%         6-21      65%         5


Dungeon Overview and Level Annotations

Branches:
Dungeon (3/15)

Altars:

Shops:
D:2 (


Message History

Casting: Sandblast (safe; 1% risk of failure)
Confirm with . or Enter, or press ? or * to list all spells.
Aiming: Sandblast (safe; 1% risk of failure)
Press: ? - help, Shift-Dir - straight line, f - orc
Aim: an orc, wielding a +0 short sword of venom and wearing a +0 scale mail (85% to hit)
The blast of sand misses the orc.
Unknown command.
Casting: Sandblast (safe; 1% risk of failure)
Confirm with . or Enter, or press ? or * to list all spells.
Aiming: Sandblast (safe; 1% risk of failure)
Press: ? - help, Shift-Dir - straight line, f/p - orc
Aim: an orc, wielding a +0 short sword of venom and wearing a +0 scale mail (85% to hit)
The blast of sand hits the orc but does no damage.
Unknown command.
Casting: Sandblast (safe; 1% risk of failure)
Confirm with . or Enter, or press ? or * to list all spells.
Aiming: Sandblast (safe; 1% risk of failure)
Press: ? - help, Shift-Dir - straight line, f/p - orc
Aim: an orc, wielding a +0 short sword of venom and wearing a +0 scale mail (85% to hit)
The blast of sand hits the orc but does no damage.
The orc hits you with a +0 short sword of venom.
You are poisoned.
The orc hits you with a +0 short sword of venom.
You are more poisoned.
Casting: Sandblast (safe; 1% risk of failure)
Confirm with . or Enter, or press ? or * to list all spells.
Aiming: Sandblast (safe; 1% risk of failure)
Press: ? - help, Shift-Dir - straight line, f/p - orc
Aim: an orc, wielding a +0 short sword of venom and wearing a +0 scale mail (85% to hit)
The blast of sand hits the orc but does no damage.
* * * LOW HITPOINT WARNING * * *
You feel extremely sick. The orc closely misses you.
Casting: Sandblast (safe; 1% risk of failure)
Confirm with . or Enter, or press ? or * to list all spells.
Aiming: Sandblast (safe; 1% risk of failure)
Press: ? - help, Shift-Dir - straight line, f/p - orc
Aim: an orc, wielding a +0 short sword of venom and wearing a +0 scale mail (85% to hit)
The blast of sand hits the orc but does no damage.
You die...

#.# .# #... ####.####.#
.#... #.........#
......######.##.##.#.####
##...........#...........
......#####..#.....#.....
.............#..#..#.....
.......?...(....#........
....†..)o@.......<<#...
###...#####.....).##...
#.) ................ #.
####>###..###### # #.##
##.# #.# ##. #. ## .


You could see an orc.

Vanquished Creatures
  An adder (D:2)
  2 ribbon worms (D:2)
  2 orcs (D:3)
  4 ball pythons
  6 bats
  2 endoplasms
  A goblin (D:1)
  4 hobgoblins
  A jackal (D:2)
  2 kobolds
  2 quokkas
  3 frilled lizards
  A rat (D:2)
31 creatures vanquished.

Notes
Turn   | Place    | Note
-------+----------+-------------------------------------------
     0 | D:1      | grandjackal the Deep Elf Earth Elementalist began the quest
                  | for the Orb.
     0 | D:1      | Reached XP level 1. HP: 10/10 MP: 6/6
   267 | D:1      | Reached XP level 2. HP: 15/15 MP: 6/8
   900 | D:2      | Found Ofojoxeg's Antique Weapon Boutique.
   978 | D:2      | Reached XP level 3. HP: 9/19 MP: 5/10
  1023 | D:2      | Learned a level 3 spell: Passwall
  1027 | D:2      | Learned a level 3 spell: Stone Arrow
  1518 | D:3      | Reached skill level 4 in Spellcasting
  1539 | D:3      | Succumbed to an orc's poison

Illustrated notes

Levels and vault maps discovered:
D:1:      scummos_arrival_simple_crosswalls, layout_loops_ring, serial_glass,
          glass_columns_a, glass_columns_a
D:2:      layout_basic, serial_shops, shop, grunt_ministairs_5, minmay_circle_x
D:3:      layout_loops_cross, nicolae_wu_jian_immortal_techniques,
          marbit_many_paths, mainiacjoe_overflow_six_doors_small,
          overflow_temple_1_default, grunt_gozag_statues,
          mainiacjoe_overflow_cross_hatched, lightli_corner_chamber

Skill      XL: |  1  2  3 |
---------------+----------+-----
Conjurations   | 2 |  2.3
Spellcasting   | 4 |  4.0
Dodging        | |  2.4
Stealth        | |  2.4
Earth Magic    | |  3.9

Action                     || total
---------------------------++-------
   Cast: Sandblast         ||    51
    Use: Scroll            ||     3
 Armour: Robe              ||     7
  Dodge: Dodged            ||     9

Table legend: (Time is in decaauts)
 A = Elapsed time spent in this place.
 B = Non-inter-level travel time spent in this place.
 C = Inter-level travel time spent in this place.
 D = Time resting spent in this place.
 E = Time spent auto-exploring this place.
 F = Levels seen in this place.
 G = Mean time per level.
                   A        B        C        D        E       F      G
               +--------+--------+--------+--------+--------+-----+--------+
         Total |   1563 |   1522 |     41 |    143 |   1142 |   3 |  521.0 |
       Dungeon |   1563 |   1522 |     41 |    143 |   1142 |   3 |  521.0 |
               +--------+--------+--------+--------+--------+-----+--------+

Top non-repeatable levels by time:
     D:2: 753 daAuts
     D:1: 746 daAuts
     D:3: 63 daAuts
